[Event "7th Sharjah Masters 2024"]
[Site "Sharjah"]
[Date "2024.05.21"]
[Round "8.38"]
[White "Peralta, Fernando"]
[Black "Krzyzanowski, Marcin"]
[Result "1-0"]
[ECO "E42"]
[WhiteElo "2575"]
[BlackElo "2526"]
[Annotator "TA"]
[PlyCount "59"]
[EventDate "2024.05.13"]
[EventType "swiss"]
[EventCountry "UAE"]
[SourceTitle "playchess.com"]
[Source "ChessBase"]
[SourceQuality "1"]
[TimeControl "5400+30"]

1. d4 Nf6 2. c4 e6 3. Nc3 Bb4 4. e3 c5 5. Nge2 b6 6. a3 Ba5 7. Rb1 Na6 8. Ng3 Bb7 9. f3 {[%emt 0:00:25] Wards off Ne4} O-O 10. Be2 d5 {[%emt 0:02:23] White has an edge.} 11. O-O Rc8 {[%emt 0:07:37] [#]} (11... Bxc3 $14 12. bxc3 Rc8) 12. Nb5 $1 $16 Ra8 13. Qc2 h5 (13... dxc4 $16 14. Qxc4 Qe7) 14. cxd5 $18 exd5 15. Nf5 Ne8 {[%emt 0:01:29] Inhibits Nbd6.} 16. e4 g6 17. Ne3 dxe4 18. d5 (18. fxe4 cxd4 19. b4 dxe3 $16) 18... exf3 19. Bxf3 Qd7 (19... Nac7 $2 20. Nxc7 Nxc7 21. b4 $18 (21. d6 Bxf3 22. dxc7 Qxc7 $18)) 20. Be2 {[%emt 0:00:29][%mdl 1024] White has strong compensation. White is more active.} (20. b4 cxb4 21. Qe2 b3 $11) 20... Ng7 21. b3 (21. b4 cxb4 22. Bc4 bxa3 $11) 21... Rfe8 (21... Rae8 $16 {might work better.}) 22. Rf3 Kh7 $2 {[%emt 0:04:42][%mdl 8192] This move loses the game for Black.} (22... Re7 $16) 23. Bb2 {[%emt 0:01:58] [#] Black must now prevent Rbf1.} f5 24. Rbf1 Rf8 (24... Rxe3 $142 25. Rxe3 Rd8) 25. Rg3 Rae8 26. Bxg7 Kxg7 27. Rxf5 ({Not} 27. Nxa7 h4 $18) 27... Rxe3 28. Rfg5 {[%emt 0:00:56] White mates.} (28. Rxh5 $2 {too greedy.} Rxg3 29. hxg3 gxh5 $19) ({Less strong is} 28. Rxg6+ Kxg6 29. Rxf8+ Kg7 $18) 28... Re7 29. Qxg6+ Kh8 30. Qh6+ {[%emt 0:00:10] Weighted Error Value: White=0.12 (very precise) /Black=0.68.  Loses game:     	---       	Black=1      Mistake:       	---       	Black=4      Inaccurate:     	White=2     	Black=2      OK:         	White=6     	Black=4      Best:        	White=4     	Black=1      Strong:       	White=1     	---} 1-0

[Event "7th Sharjah Masters 2024"]
[Site "Sharjah"]
[Date "2024.05.21"]
[Round "8.39"]
[White "Dudin, Gleb"]
[Black "Nikitenko, Mihail"]
[Result "0-1"]
[ECO "E01"]
[WhiteElo "2554"]
[BlackElo "2529"]
[Annotator "TA"]
[PlyCount "80"]
[EventDate "2024.05.13"]
[EventType "swiss"]
[EventCountry "UAE"]
[SourceTitle "playchess.com"]
[Source "ChessBase"]
[SourceQuality "1"]
[TimeControl "5400+30"]

1. d4 Nf6 2. c4 e6 3. Nf3 d5 4. g3 Nc6 5. Bg2 Bd6 6. O-O O-O 7. Bg5 h6 8. Bxf6 Qxf6 {[%emt 0:00:03] The position is equal.} 9. Nc3 dxc4 10. Rc1 Qe7 11. Ne4 (11. Nb5 $11) 11... b5 $15 12. b3 Ba3 13. Rb1 ({White should try} 13. Rc3 $1 $11) 13... cxb3 $1 14. Rxb3 Rb8 15. Qd3 Bd6 16. Qc3 Rb6 17. Rc1 Rd8 18. Qb2 {[%emt 0:08:29][%cal Oe4d6] Wards off Ba3} Bd7 19. Nfd2 Be8 20. Re3 (20. Nxd6 $15 cxd6 (20... Rxd6 21. e3 $11) 21. d5 exd5 22. Re3) 20... Na5 (20... Bb4 $17 21. Nf3 Ra6) 21. Nxd6 Qxd6 22. Ra3 Nc4 23. Nxc4 bxc4 24. Qc3 {[%emt 0:00:12] [#]} a6 $1 25. Bf3 Rdb8 26. Ra5 Rb5 27. Ra4 Rb4 28. Rxb4 Rxb4 29. Kg2 ({Better is} 29. d5 $15) 29... Ra4 $17 30. Ra1 Qa3 31. Qc2 Rb4 32. Qe4 {[%emt 0:00:31] [#] Now White is beyond hope.} (32. Rc1 $17 {keeps fighting.}) 32... Qb2 $1 $19 33. Rf1 c3 $1 {[%emt 0:05:24][%cal Oc3c2] And now ...c2! would win.} ({And not} 33... Qxa2 34. Qa8 Qa4 35. Ra1 $11) 34. Qa8 Rb8 35. Qa7 Qb6 36. Qxb6 cxb6 37. Rc1 Rc8 38. Kf1 b5 {[%emt 0:02:00] Black has a decisive advantage.} 39. Ke1 a5 40. Kd1 b4 {[%emt 0:00:05] Weighted Error Value: White=0.24 (precise) /Black=0.10 (very precise) .  Mistake:       	White=5     	Black=1      Inaccurate:     	White=3     	Black=3      OK:         	White=12    	Black=15     Best:        	---       	Black=2      Strong:       	---       	Black=4} 0-1

[Event "7th Sharjah Masters 2024"]
[Site "Sharjah"]
[Date "2024.05.21"]
[Round "8.40"]
[White "Erdos, Viktor"]
[Black "Suleymenov, Alisher"]
[Result "1/2-1/2"]
[ECO "D35"]
[WhiteElo "2546"]
[BlackElo "2501"]
[Annotator "TA"]
[PlyCount "23"]
[EventDate "2024.05.13"]
[EventType "swiss"]
[EventCountry "UAE"]
[SourceTitle "playchess.com"]
[Source "ChessBase"]
[SourceQuality "1"]
[TimeControl "5400+30"]

1. d4 d5 2. Nf3 Nf6 3. c4 e6 4. cxd5 exd5 5. Nc3 c6 6. Bf4 Bd6 7. Bxd6 Qxd6 8. e3 Bf5 9. Nh4 Be4 10. Qb3 (10. f3 $5 Bg6 $8 11. e4 $14) 10... Nbd7 11. Rc1 Rb8 12. Be2 {[%emt 0:21:49] Not much happened in this game.   Weighted Error Value: White=0.05 (flawless) /Black=0.02 (flawless) .  OK:         	White=1     	Black=2} (12. f3 $5 Bg6 $8 13. g4 $11) 1/2-1/2

[Event "7th Sharjah Masters 2024"]
[Site "Sharjah"]
[Date "2024.05.21"]
[Round "8.41"]
[White "Klimkowski, Jan"]
[Black "Kacharava, Nikolozi"]
[Result "1-0"]
[ECO "C76"]
[WhiteElo "2518"]
[BlackElo "2527"]
[Annotator "TA"]
[PlyCount "61"]
[EventDate "2024.05.13"]
[EventType "swiss"]
[EventCountry "UAE"]
[SourceTitle "playchess.com"]
[Source "ChessBase"]
[SourceQuality "1"]
[TimeControl "5400+30"]

1. e4 e5 2. Nf3 Nc6 3. Bb5 a6 4. Ba4 d6 5. O-O Bd7 6. c3 g6 7. d4 Bg7 8. Be3 Nf6 9. Nbd2 Ng4 10. Bg5 f6 11. Bh4 {[%emt 0:00:53] White is slightly better.} h5 12. Bg3 g5 13. h4 Qe7 14. b4 (14. d5 $14 Nd8 15. Bxd7+ Qxd7 16. Re1 (16. hxg5 fxg5 17. Nh2 Nxh2 $11)) 14... Nh6 $1 $11 15. dxe5 dxe5 16. Re1 Nf7 17. Nh2 (17. Bb3 $11) 17... O-O-O $1 $17 18. Nhf1 f5 19. exf5 gxh4 20. Bh2 h3 {[%emt 0:03:14] Strongly threatening ...hxg2.} (20... Bxf5 $6 21. Bxc6 bxc6 22. Qa4 $11) 21. Ne3 Nd6 {[%emt 0:06:26] Against Ne4} 22. Qf3 hxg2 23. Ne4 Nxe4 24. Qxe4 Bh6 $2 (24... h4 $1 $17 25. Bd1 Rdg8) 25. Nd5 $1 $18 {[%emt 0:02:38][%mdl 1024] White has strong compensation.} Qf7 {[%emt 0:07:03] [#]} 26. f6 {[%emt 0:04:53] Chess con chili. White is more active.} ({White has to play} 26. Qc4 $1 $16 Rh7 (26... Qxf5 $2 27. Bxc6 $18) (26... Bxf5 $2 27. Nb6+ cxb6 28. Qxf7 $18) 27. f6 (27. Rxe5 b5 $16)) 26... Bf8 $2 (26... Rhe8 $1 $11 {and Black stays safe.}) 27. Rad1 $1 (27. Kxg2 Rg8+ 28. Kh1 Rg4 $19) 27... Rg8 $2 {[%emt 0:09:29] [#]} (27... Qe6 28. f4 (28. Kxg2 Bd6 $14) (28. Qxg2 $2 Rg8 $19) (28. Bxe5 Nxe5 29. Bxd7+ Rxd7 $18) 28... Qg4 29. fxe5 Qxe4 30. Rxe4 Bg4) 28. Nb6+ $1 cxb6 {[%emt 0:06:26] [#]} (28... Kb8 29. Bxc6) 29. Bxc6 $1 Rg5 30. Bxb7+ Kc7 31. Ba8 {[%emt 0:02:28] Weighted Error Value: White=0.17 (very precise) /Black=0.55.  Loses game:     	---       	Black=2      Mistake:       	White=3     	Black=1      Inaccurate:     	White=2     	Black=2      OK:         	White=9     	Black=7      Best:        	White=1     	Black=1      Strong:       	White=2     	Black=2      Brilliant:      	White=1     	---} 1-0

[Event "7th Sharjah Masters 2024"]
[Site "Sharjah"]
[Date "2024.05.21"]
[Round "8.42"]
[White "Avila Pavas, Santiago"]
[Black "Samant Aditya S"]
[Result "1-0"]
[ECO "B56"]
[WhiteElo "2516"]
[BlackElo "2501"]
[Annotator "TA"]
[PlyCount "56"]
[EventDate "2024.05.13"]
[EventType "swiss"]
[EventCountry "UAE"]
[SourceTitle "playchess.com"]
[Source "ChessBase"]
[SourceQuality "1"]
[TimeControl "5400+30"]

1. e4 c5 2. Nf3 d6 3. d4 cxd4 4. Nxd4 Nf6 5. Nc3 Nc6 6. f3 e5 7. Nb3 Be7 8. Be3 Be6 9. Qe2 O-O 10. O-O-O Qc8 11. g4 {[%emt 0:00:30] White is slightly better.} a5 {[%emt 0:00:30] ...a4 is the strong threat.} 12. Qb5 Ne8 13. Qa4 Nc7 14. Bb6 Nb4 15. Nxa5 $2 {[%emt 0:00:30] [#]} (15. Bxa5 $2 Nc6 (15... d5 16. Bxb4 Bg5+ 17. Kb1 $17) 16. Kb1 (16. Nd5 $2 Bxd5 17. exd5 Nxa5 $19) 16... Bxb3 17. Qxb3 Rxa5 $19 (17... Nxa5 $2 18. Nd5 $19)) (15. Bxc7 $11 Qxc7 16. a3) 15... Nc6 $1 $19 {[%emt 0:00:30][%mdl 512] Strongly threatening ...Nxa5.} 16. b4 {[%emt 0:00:30] [#]} (16. Nd5 Bxd5) 16... Nd4 $1 17. Qa3 $17 d5 (17... Nxf3 $6 18. Bxc7 Qxc7 19. Nb5 $11) 18. Qb2 dxe4 (18... Nxf3 19. exd5 (19. Nxd5 Bg5+ 20. Ne3 Nd4 $17) 19... Bxg4 20. d6 Bg5+ 21. Kb1 $16) 19. Bxd4 $2 (19. fxe4 $17 Bxg4 20. Rd3) 19... exd4 $19 20. Nxe4 Nd5 21. a3 Ne3 22. Rd2 b6 23. Nb3 Bc4 ({Better is} 23... Bd5 $19 {Threatens to win with ...Bxe4.} 24. Kb1 Nxf1 25. Rxf1 Qa6) 24. Bd3 $2 (24. Nxd4 $1 $15 Bxf1 (24... Nxf1 $2 {loses.} 25. Nf5 $18) 25. Nf5 Nxf5 26. gxf5 Qxf5 27. Rxf1) 24... Bxd3 25. Rxd3 {[%emt 0:00:30] [#]} Nc4 $1 ({Not} 25... Rxa3 26. Rxe3 dxe3 27. Qxa3 $18) 26. Qxd4 Nxa3 ({But not} 26... Rxa3 27. b5 $19) 27. c3 (27. Qc3 Qb8 28. Qe1) 27... Qa6 {[%emt 0:00:30] aiming for ...Nc4.} 28. Rhd1 Nc4 {[%emt 0:00:30][%mdl 32768] Weighted Error Value: White=0.86/Black=0.22 (precise) .  Loses game:     	White=3     	---        Mistake:       	White=1     	Black=2      Inaccurate:     	White=2     	Black=1      OK:         	White=7     	Black=5      Best:        	White=1     	Black=3      Strong:       	---       	Black=1      Brilliant:      	---       	Black=1     . Loss on time!?} 1-0